 Dungeon Crawl Stone Soup version 0.30-a0-920-g7493c07aab (webtiles) character file.

Game seed: 2061314203769191656

27 sanka the Firebug (level 3, 20/23 HPs)
             Began as a Gargoyle Cinder Acolyte on Mar 21, 2023.
             Was a High Priest of Ignis.
             Quit the game on level 1 of the Dungeon.
             The game lasted 00:00:56 (377 turns).

sanka the Firebug (Gargoyle Cinder Acolyte)          Turns: 377, Time: 00:00:57

Health: 20/23      AC:  5    Str: 17    XL:     3   Next: 10%
Magic:  5/6        EV: 11    Int: 16    God:    Ignis [*****.]
Gold:   24         SH:  0    Dex:  5    Spells: 4/6 levels left

rFire   + . .      SeeInvis .    a - -1 mace (flame)
rCold   . . .      Faith    .    (no shield)
rNeg    + . .      Spirit   .    b - +0 robe
rPois   ∞          Reflect  .    (no helmet)
rElec   +          Rampage  .    (no cloak)
rCorr   .                        (no gloves)
Will    .....                    (no boots)
Stlth   +                        (no amulet)
HPRegen 0.23/turn                (no ring)
MPRegen 0.10/turn                (no ring)

@: no status effects
A: sickness immunity, AC +3, negative energy resistance 1, electricity
resistance, torment resistance 1, petrification resistance
a: Renounce Religion, Fiery Armour, Foxfire Swarm, Rising Flame


You were on level 1 of the Dungeon.
You worshipped Ignis.
Ignis was extremely pleased with you.
You visited 1 branch of the dungeon, and saw 1 of its levels.

You collected 24 gold pieces.


Innate Abilities, Weirdness & Mutations

You are immune to sickness and miasma.
Your stone body is resilient. (AC +3)
You are immune to poison.
You resist negative energy. (rN+)
You are resistant to electric shocks. (rElec)
You are resistant to unholy torment.
You are immune to petrification.


   Skills:
 - Level 3.2 Fighting
 - Level 3.0 Maces & Flails
 - Level 2.0 Spellcasting
 + Level 3.6 Fire Magic


You had 4 spell levels left.
You knew the following spells:

 Your Spells              Type           Power      Damage    Failure   Level
y - Scorch                Fire           26%        2d6       7%          2

Your spell library contained the following spells:

 Spells                   Type           Power      Damage    Failure   Level
 Summon Small Mammal      Summ           4%         N/A       21%         1
 Call Canine Familiar     Summ           1%         N/A       52%         3
 Summon Guardian Golem    Hex/Summ       1%         N/A       52%         3

Inventory:

Hand Weapons
 a - a -1 mace of flaming (weapon)
Armour
 b - a +0 robe (worn)
Scrolls
 c - a scroll of enchant weapon {unknown}
 d - a scroll of identify {unknown}

Dungeon Overview and Level Annotations

Branches:
Dungeon (1/15)

Altars:

▒▒▒▒▒▒▒ ▒▒▒▒ ▒▒.....▒▒
...▒ ▒▒.......▒▒ ...▒
▒.........▒ ▒▒...▒...
▒.........▒ ▒........
▒.........▒ ▒8▒:▒.▒
▒.........▒ ▒)▒.▒.▒
▒.........▒ ▒▒£▒..[▒▒
▒▒........▒▒▒..▒....▒▒.
▒.............▒▒......b
▒.........▒▒▒..▒£g.▒
▒.......).▒▒...g...▒▒..
▒.........▒▒b▒▒........
▒.........▒▒...........


You could see a bat (wandering).


Message History

The bat closely misses you. The bat misses you. The bat hits you.
* * * LOW HITPOINT WARNING * * *
The bat hits you but does no damage. The bat attacks as you move away!
The bat closely misses you. The bat misses you.
Flames lash the bat.
You kill the bat!
Training target 2.0 for Spellcasting reached!
Your Spellcasting skill increases to level 2!
You closely miss the kobold. The kobold hits you but does no damage.
You hit the kobold but do no damage. The kobold hits you with a +0 dagger.
* * * LOW HITPOINT WARNING * * *
Flames lash the hobgoblin.
You kill the hobgoblin!
The kobold barely misses you.
You don't have enough magic to cast this spell.
You don't have enough magic to cast this spell.
You hit the kobold. You burn the kobold.
You kill the kobold!
No target in view!
No target in view!
You start resting.
A bat is nearby!
Are you sure you want to abandon this character and quit the game? (Confirm with "yes".)

Action                     || total
---------------------------++-------
  Melee: Mace              ||    50
   Cast: Scorch            ||     4
 Armour: Robe              ||    18
  Dodge: Dodged            ||    43

Levels and vault maps discovered:
D:1:      dpeg_arrival_lava_altar, layout_rooms, minmay_bisected

Notes
Turn   | Place    | Note
-------+----------+-------------------------------------------
     0 | D:1      | sanka the Gargoyle Cinder Acolyte began the quest for the
                  | Orb.
     0 | D:1      | Reached XP level 1. HP: 14/14 MP: 2/2
   106 | D:1      | Reached XP level 2. HP: 19/19 MP: 4/4
   141 | D:1      | Learned a level 2 spell: Scorch
   327 | D:1      | Reached XP level 3. HP: 13/23 MP: 5/5
   334 | D:1      | Reached skill level 2 in Spellcasting
   377 | D:1      | Quit the game

Vanquished Creatures
  2 dart slugs (D:1)
  3 endoplasms (D:1)
  6 hobgoblins (D:1)
  2 quokkas (D:1)
  2 bats (D:1)
  4 kobolds (D:1)
  A rat (D:1)
20 creatures vanquished.
